 Dungeon Crawl Stone Soup version 0.22.1-2-g9c5b331 (webtiles) character file.

51 Kaits the Skirmisher (level 3, -3/30 HPs)
             Began as a Demonspawn Chaos Knight on Dec 28, 2018.
             Slain by an orc (4 damage)
             ... on level 2 of the Dungeon.
             The game lasted 00:06:30 (855 turns).

Kaits the Skirmisher (Demonspawn Chaos Knight)       Turns: 855, Time: 00:06:34

Health: -3/30      AC:  5    Str: 13    XL:     3   Next: 58%
Magic:  3/3        EV: 13    Int: 13    God:    Xom [..*...]
Gold:   32         SH:  0    Dex: 12    Spells: 2/2 levels left

rFire    . . .     SeeInvis .   a - +0 hand axe (chaos)
rCold    . . .     Gourm    .   (no shield)
rNeg     . . .     Faith    .   b - +2 leather armour
rPois    .         Spirit   .   (no helmet)
rElec    .         Reflect  .   (no cloak)
rCorr    .         Harm     .   (no gloves)
MR       .....                  (no boots)
Stlth    ++........             (no amulet)
HPRegen  0.10/turn              (no ring)
MPRegen  0.08/turn              (no ring)

@: liquefying, slowed movement, very slow
A: repulsion field 1, nightstalker 1
a: Renounce Religion


You were on level 2 of the Dungeon.
You worshipped Xom.
You were a toy of Xom.
You were not hungry.

You visited 1 branch of the dungeon, and saw 2 of its levels.

You collected 32 gold pieces.

Inventory:

Hand Weapons
 a - a +0 hand axe of chaos (weapon)
Missiles
 d - 18 bolts
 e - 2 stones (quivered)
Armour
 b - a +2 leather armour (worn)
Scrolls
 h - a scroll of teleportation
Potions
 f - a potion of heal wounds
 g - a potion of degeneration {unknown}
 i - a potion of cancellation {unknown}
 k - a potion of haste {unknown}
Comestibles
 c - 3 rations


   Skills:
 + Level 4.1 Fighting
 + Level 3.1 Axes
 + Level 1.7 Armour
 + Level 1.2 Dodging


You had 2 spell levels left.
You didn't know any spells.
Your spell library was empty.

Dungeon Overview and Level Annotations

Branches:
Dungeon (2/15)

Altars:


Innate Abilities, Weirdness & Mutations

You are surrounded by a mild repulsion field. (EV +2)
You are slightly more attuned to the shadows.


Message History

The orc priest hits your hobgoblin zombie.
Your hobgoblin zombie is destroyed!
The orc priest calls upon Beogh to heal something.
The orc hits you but does no damage.
You closely miss the orc. The orc barely misses you.
The orc priest begins to cast a cantrip, but forgets the words!
You hit the orc. You burn the orc.
You kill the orc!
Xom's power flows through you!
The ground around you becomes liquefied!
Your unstable footing causes you to fumble your attack.
The orc priest mumbles some strange prayers to Beogh against you.
Beogh smites you! The orc hits you.
Your unstable footing causes you to fumble your attack.
The orc priest calls down the wrath of Beogh upon you.
Beogh smites you!
* * * LOW HITPOINT WARNING * * *
The orc hits you.
You die...
Xom chortles!

.........# #......###...
## ....####.# #####..# #
....## #.# ##...#..#
.....###.# ###...<...#
.......#.#...#...)...#
.....#....##.#)....#.###
....###.#..............#
.....#....##.#.#.#####.#
..##...#.###.#.#@# .#
.........###...#o### #
#......#.......oo..#
#......#.#......o#.#
#......#.#.≈o.)≈.#.#
#......#.#.......# .
#.##.#...#.......# ##
#.##.#>#.#.......#
#.#....#.#.≈o..≈.#


You could see 2 orc priests and 2 orcs.

Vanquished Creatures
  2 adders (D:2)
  A leopard gecko (D:1)
  An orc (D:2)
  A giant cockroach (D:2)
  5 goblins
  3 hobgoblins (D:2)
  8 kobolds
  3 bats
  3 frilled lizards
  4 rats
31 creatures vanquished.

Vanquished Creatures (collateral kills)
  A giant cockroach (D:2)
1 creature vanquished.

Grand Total: 32 creatures vanquished

Notes
Turn   | Place    | Note
-------+----------+-------------------------------------------
     0 | D:1      | Kaits the Demonspawn Chaos Knight began the quest for the
                  | Orb.
     0 | D:1      | Reached XP level 1. HP: 18/18 MP: 1/1
   191 | D:1      | Gained mutation: You are slightly more attuned to the
                  | shadows. [demonic ancestry]
   191 | D:1      | Reached XP level 2. HP: 21/24 MP: 2/2
   194 | D:1      | XOM: silly message
   449 | D:1      | Reached skill level 1 in Dodging
   626 | D:2      | XOM: butterfly on damage
   682 | D:2      | XOM: harmless Ice miscast
   698 | D:2      | Gained mutation: You are surrounded by a mild repulsion
                  | field. (EV +2) [demonic ancestry]
   698 | D:2      | Reached XP level 3. HP: 21/30 MP: 3/3
   792 | D:2      | Reached skill level 4 in Fighting
   853 | D:2      | XOM: cast spell 'Leda's Liquefaction'
   855 | D:2      | HP: 1/30 [orc priest/divine providence (14)]
   855 | D:2      | Slain by an orc

Skill      XL: |  1  2  3 |
---------------+----------+-----
Dodging        | 1 |  1.2
Axes           | 3 |  3.1
Fighting       | 4 |  4.1
Armour         | |  1.7

Action                   || total
-------------------------++-------
Melee: Hand axe          ||   114
Throw: Stone             ||     9
  Use: Scroll            ||     3
 Stab: Confused          ||     1
       Sleeping          ||     1
       Paralysed         ||     2
Armor: Leather armour    ||    40
Dodge: Dodged            ||    74
